General information
- name: BNet
- type: Ladder team game (AT/RT)
- host: Battle.net
- saver: 987987987987987
map: RiverOfSouls
- players: 6
- length: 19:26
- speed: Fast
- version: 1.27 W3XP
- replay type:

» download(152 KB)
Players
team 1 (winner)
987987987987987 (
teal | 93 APM | 1813 actions | 19:26)
2 Warden
1 Shadow Strike
1 Blink
2 Pandaren Brewmaster
1 Breath of Fire
1 Drunken Brawler
» actions
| Assign group hotkey | 6 | |
| Basic commands | 5 | |
| Build / train | 88 | |
| Enter build submenu | 23 | |
| Enter hero's abilities submenu | 4 | |
| Give item / drop item | 5 | |
| Remove unit from queue | 6 | |
| Right click | 1206 | |
| Select / deselect | 285 | |
| Select group hotkey | 51 | |
| Use ability | 132 | |
1813 total
» units
» upgrades
| Ultravision | 1 | |
| Well Spring | 1 | |
| Strength of the Wild | 2 | |
| Reinforced Hides | 1 | |
| Nature's Blessing | 1 | |
6 total
» buildings
| Altar of Elders | 1 | |
| Moon Well | 12 | |
| Tree of Life | 2 | |
| Tree of Ages | 4 | |
| Tree of Eternity | 1 | |
| Ancient of Wonders | 1 | |
| Hunter's Hall | 1 | |
| Ancient of Wind | 3 | |
25 total
» build order
00:06 Altar of Elders
00:19 Moon Well
01:56 Moon Well
05:41 Tree of Life
06:42 Tree of Life
09:44 Tree of Ages
09:44 Tree of Ages
09:44 Tree of Ages
10:58 Moon Well
10:59 Moon Well
12:41 Tree of Eternity
12:46 Ancient of Wonders
13:14 Moon Well
13:14 Moon Well
13:24 Moon Well
13:24 Moon Well
13:32 Hunter's Hall
15:10 Moon Well
16:07 Moon Well
16:11 Moon Well
16:13 Moon Well
16:52 Ancient of Wind
16:54 Ancient of Wind
17:58 Ancient of Wind
» items
| Healing Salve | 3 | |
| Lesser Clarity Potion | 7 | |
| Staff of Teleportation | 2 | |
| Boots of Speed | 2 | |
| Tome of Retraining | 1 | |
| Orb of Lightning | 2 | |
| Staff of Sanctuary | 1 | |
| Staff of Preservation | 1 | |
19 total
lovetoosearch (
blue | 99 APM | 1932 actions | 19:25)
6 Blademaster
3 Wind Walk
3 Critical Strike
» actions
| Assign group hotkey | 21 | |
| Basic commands | 24 | |
| Build / train | 53 | |
| ESC pressed | 2 | |
| Enter build submenu | 25 | |
| Enter hero's abilities submenu | 6 | |
| Give item / drop item | 1 | |
| Right click | 1089 | |
| Select / deselect | 192 | |
| Select group hotkey | 401 | |
| Use ability | 117 | |
1932 total
» units
» upgrades
| Spiked Barricades | 1 | |
| Ranged Weapons | 3 | |
| Liquid Fire | 1 | |
| Armor | 2 | |
| Troll Regeneration | 1 | |
8 total
» buildings
| Altar of Storms | 1 | |
| Orc Burrow | 5 | |
| Voodoo Lounge | 3 | |
| Stronghold | 1 | |
| War Mill | 1 | |
| Watch Tower | 8 | |
| Beastiary | 2 | |
| Fortress | 2 | |
| Barracks | 1 | |
24 total
» build order
00:02 Altar of Storms
00:06 Orc Burrow
00:33 Voodoo Lounge
01:17 Voodoo Lounge
01:24 Voodoo Lounge
02:33 Stronghold
02:34 War Mill
04:05 Orc Burrow
04:09 Watch Tower
04:24 Watch Tower
05:31 Beastiary
06:50 Beastiary
06:59 Fortress
07:00 Fortress
07:14 Orc Burrow
08:38 Watch Tower
08:45 Orc Burrow
09:53 Watch Tower
14:06 Orc Burrow
14:54 Barracks
15:26 Watch Tower
17:01 Watch Tower
18:25 Watch Tower
18:26 Watch Tower
» items
| Staff of Teleportation | 1 | |
| Boots of Speed | 1 | |
| Circlet of Nobility | 2 | |
| Healing Salve | 1 | |
| Lesser Clarity Potion | 5 | |
| Orb of Lightning | 1 | |
| Potion of Lesser Invulnerability | 1 | |
| Potion of Invisibility | 1 | |
13 total
mata_the_katt (
yellow | 95 APM | 1851 actions | 19:24)
4 Archmage
1 Summon Water Elemental
2 Blizzard
1 Brilliance Aura
» actions
| Assign group hotkey | 43 | |
| Basic commands | 10 | |
| Build / train | 160 | |
| Enter build submenu | 90 | |
| Enter hero's abilities submenu | 4 | |
| Right click | 892 | |
| Select / deselect | 466 | |
| Select group hotkey | 2 | |
| Use ability | 184 | |
1851 total
» units
» upgrades
| Masonry | 3 | |
| Lumber Harvesting | 2 | |
| Magic Sentry | 1 | |
6 total
» buildings
| Altar of Kings | 1 | |
| Lumber Mill | 1 | |
| Farm | 4 | |
| Scout Tower | 104 | |
| Arcane Tower | 13 | |
| Guard Tower | 105 | |
| Keep | 1 | |
| Castle | 1 | |
| Arcane Sanctum | 1 | |
| Arcane Vault | 1 | |
232 total
» build order
00:07 Altar of Kings
00:22 Lumber Mill
00:55 Farm
01:10 Scout Tower
01:22 Scout Tower
01:39 Arcane Tower
01:40 Scout Tower
01:45 Scout Tower
01:50 Scout Tower
01:56 Arcane Tower
02:06 Guard Tower
02:06 Guard Tower
02:09 Scout Tower
02:14 Scout Tower
02:16 Guard Tower
02:22 Scout Tower
02:26 Scout Tower
02:30 Farm
02:37 Scout Tower
02:40 Guard Tower
02:44 Scout Tower
02:49 Guard Tower
02:58 Guard Tower
03:14 Guard Tower
03:15 Guard Tower
03:17 Scout Tower
03:21 Guard Tower
03:22 Scout Tower
03:23 Guard Tower
03:23 Guard Tower
03:39 Scout Tower
03:40 Scout Tower
03:44 Scout Tower
03:47 Scout Tower
03:49 Guard Tower
03:50 Scout Tower
03:56 Scout Tower
03:56 Guard Tower
03:57 Guard Tower
04:14 Guard Tower
04:14 Guard Tower
04:17 Scout Tower
04:20 Scout Tower
04:36 Scout Tower
04:37 Guard Tower
04:37 Guard Tower
04:38 Guard Tower
04:39 Guard Tower
04:40 Scout Tower
04:40 Scout Tower
04:46 Guard Tower
04:47 Guard Tower
04:47 Guard Tower
05:16 Guard Tower
05:16 Guard Tower
05:17 Scout Tower
05:18 Scout Tower
05:22 Guard Tower
05:23 Guard Tower
05:24 Scout Tower
06:09 Guard Tower
06:11 Scout Tower
06:12 Scout Tower
06:13 Scout Tower
06:15 Scout Tower
06:22 Guard Tower
06:22 Guard Tower
06:23 Scout Tower
06:41 Scout Tower
06:44 Scout Tower
06:47 Guard Tower
06:48 Guard Tower
06:49 Scout Tower
06:52 Scout Tower
06:56 Scout Tower
06:59 Guard Tower
07:10 Scout Tower
07:12 Guard Tower
07:13 Guard Tower
07:15 Scout Tower
07:16 Guard Tower
07:16 Guard Tower
07:25 Farm
07:26 Farm
07:30 Guard Tower
07:34 Scout Tower
07:34 Scout Tower
07:36 Scout Tower
07:37 Scout Tower
07:40 Guard Tower
07:41 Guard Tower
07:50 Guard Tower
07:51 Guard Tower
07:56 Scout Tower
07:57 Scout Tower
08:00 Guard Tower
08:01 Guard Tower
08:13 Scout Tower
08:31 Scout Tower
08:32 Guard Tower
08:32 Guard Tower
08:34 Scout Tower
08:35 Scout Tower
08:36 Scout Tower
08:48 Keep
09:01 Guard Tower
09:02 Guard Tower
09:35 Guard Tower
09:35 Guard Tower
09:36 Scout Tower
09:37 Scout Tower
09:39 Guard Tower
09:39 Guard Tower
09:42 Scout Tower
09:43 Scout Tower
09:45 Scout Tower
09:47 Scout Tower
09:50 Scout Tower
09:57 Scout Tower
10:17 Guard Tower
10:19 Scout Tower
10:20 Scout Tower
10:21 Guard Tower
10:22 Guard Tower
10:31 Guard Tower
10:34 Scout Tower
11:02 Arcane Tower
11:03 Arcane Tower
11:19 Guard Tower
11:19 Guard Tower
11:20 Scout Tower
11:21 Scout Tower
11:21 Scout Tower
11:22 Scout Tower
11:27 Guard Tower
11:28 Scout Tower
11:29 Scout Tower
11:30 Scout Tower
11:30 Scout Tower
11:55 Guard Tower
11:55 Guard Tower
12:03 Castle
12:05 Arcane Sanctum
12:27 Guard Tower
12:27 Guard Tower
12:28 Scout Tower
12:29 Scout Tower
12:29 Scout Tower
12:37 Scout Tower
13:00 Guard Tower
13:00 Guard Tower
13:45 Guard Tower
13:46 Guard Tower
13:47 Scout Tower
14:19 Scout Tower
14:23 Arcane Vault
14:32 Scout Tower
14:45 Guard Tower
14:45 Guard Tower
14:46 Scout Tower
14:46 Scout Tower
14:47 Scout Tower
14:48 Scout Tower
14:55 Guard Tower
14:55 Guard Tower
15:13 Guard Tower
15:13 Guard Tower
15:14 Scout Tower
15:15 Scout Tower
16:03 Guard Tower
16:03 Guard Tower
16:08 Scout Tower
16:09 Scout Tower
16:10 Scout Tower
16:13 Guard Tower
16:16 Scout Tower
16:16 Scout Tower
16:17 Scout Tower
16:18 Scout Tower
16:21 Scout Tower
16:22 Scout Tower
16:31 Scout Tower
16:32 Scout Tower
16:51 Guard Tower
16:53 Scout Tower
16:54 Scout Tower
17:08 Scout Tower
17:09 Scout Tower
17:20 Guard Tower
17:20 Guard Tower
17:40 Guard Tower
17:53 Scout Tower
17:53 Scout Tower
17:54 Scout Tower
17:57 Scout Tower
18:00 Scout Tower
18:03 Guard Tower
18:51 Arcane Tower
18:51 Arcane Tower
18:52 Arcane Tower
18:52 Arcane Tower
18:53 Arcane Tower
18:57 Scout Tower
18:57 Scout Tower
19:23 Guard Tower
» items
| Lesser Clarity Potion | 3 | |
| Healing Salve | 4 | |
| Staff of Teleportation | 1 | |
| Orb of Lightning | 1 | |
| Potion of Healing | 1 | |
| Potion of Mana | 1 | |
11 total
team 2 (loser)
brom8989 (
red | 100 APM | 1938 actions | 19:24)
2 Mountain King
1 Storm Bolt
1 Bash
2 Paladin
1 Holy Light
1 Devotion Aura
» actions
| Assign group hotkey | 132 | |
| Basic commands | 4 | |
| Build / train | 59 | |
| Enter build submenu | 24 | |
| Enter hero's abilities submenu | 4 | |
| Right click | 1034 | |
| Select / deselect | 200 | |
| Select group hotkey | 422 | |
| Use ability | 59 | |
1938 total
» units
| Peasant | 9 | |
| Footman | 11 | |
| Mortar Team | 6 | |
| Knight | 4 | |
30 total
» upgrades
| Defend | 1 | |
| Swords | 1 | |
| Gunpowder | 2 | |
| Fragmentation Shards | 1 | |
| Animal War Training | 1 | |
| Plating | 1 | |
| Flare | 1 | |
8 total
» buildings
| Altar of Kings | 1 | |
| Barracks | 2 | |
| Farm | 13 | |
| Arcane Vault | 1 | |
| Keep | 2 | |
| Blacksmith | 1 | |
| Workshop | 2 | |
| Castle | 1 | |
| Lumber Mill | 1 | |
24 total
» build order
00:07 Altar of Kings
00:22 Barracks
00:36 Farm
01:07 Farm
01:34 Arcane Vault
01:43 Farm
02:08 Farm
04:17 Keep
06:42 Farm
06:57 Blacksmith
07:56 Workshop
08:31 Workshop
08:35 Farm
08:37 Farm
08:38 Farm
08:53 Farm
10:04 Castle
11:57 Barracks
12:00 Farm
13:41 Lumber Mill
15:00 Farm
16:29 Farm
17:38 Farm
» items
| Scroll of Regeneration | 5 | |
| Lesser Clarity Potion | 2 | |
| Scroll of Town Portal | 1 | |
| Potion of Healing | 1 | |
9 total
labuten (
purple | 77 APM | 1495 actions | 19:24)
2 Archmage
1 Summon Water Elemental
1 Brilliance Aura
» actions
| Assign group hotkey | 21 | |
| Basic commands | 14 | |
| Build / train | 50 | |
| Enter build submenu | 15 | |
| Enter hero's abilities submenu | 2 | |
| Right click | 1032 | |
| Select / deselect | 224 | |
| Select group hotkey | 97 | |
| Use ability | 40 | |
1495 total
» units
| Peasant | 9 | |
| Footman | 8 | |
| Gryphon Rider | 7 | |
| Dragonhawk Rider | 4 | |
28 total
» upgrades
| Long Rifles | 1 | |
| Defend | 1 | |
| Storm Hammers | 1 | |
| Lumber Harvesting | 1 | |
| Cloud | 1 | |
| Swords | 2 | |
| Armor | 1 | |
8 total
» buildings
| Altar of Kings | 1 | |
| Farm | 7 | |
| Barracks | 1 | |
| Scout Tower | 1 | |
| Arcane Tower | 1 | |
| Arcane Vault | 1 | |
| Keep | 1 | |
| Blacksmith | 1 | |
| Castle | 1 | |
| Lumber Mill | 1 | |
| Gryphon Aviary | 2 | |
18 total
» build order
00:09 Altar of Kings
00:23 Farm
00:46 Barracks
01:03 Farm
01:23 Scout Tower
01:56 Arcane Tower
02:03 Arcane Vault
02:30 Farm
05:40 Keep
06:17 Blacksmith
08:31 Castle
08:53 Lumber Mill
09:39 Farm
10:28 Gryphon Aviary
10:32 Gryphon Aviary
11:56 Farm
14:37 Farm
14:40 Farm
» items
| Scroll of Regeneration | 3 | |
| Lesser Clarity Potion | 1 | |
| Scroll of Town Portal | 1 | |
5 total
welcome1 (
orange | 77 APM | 1485 actions | 19:22)
1 Demon Hunter
1 Mana Burn
» actions
| Assign group hotkey | 31 | |
| Basic commands | 131 | |
| Build / train | 53 | |
| Enter build submenu | 18 | |
| Enter hero's abilities submenu | 1 | |
| Right click | 727 | |
| Select / deselect | 334 | |
| Select group hotkey | 139 | |
| Use ability | 51 | |
1485 total
» units
| Wisp | 22 | |
| Archer | 8 | |
| Huntress | 2 | |
| Glaive Thrower | 4 | |
| Chimaera | 6 | |
42 total
» upgrades
| Strength of the Moon | 1 | |
| Vorpal Blades | 1 | |
| Corrosive Breath | 1 | |
3 total
» buildings
| Altar of Elders | 1 | |
| Ancient of War | 2 | |
| Moon Well | 8 | |
| Hunter's Hall | 1 | |
| Ancient of Wonders | 1 | |
| Tree of Ages | 2 | |
| Tree of Eternity | 1 | |
| Ancient of Wind | 1 | |
| Chimaera Roost | 3 | |
20 total
» build order
00:07 Altar of Elders
00:20 Ancient of War
00:37 Moon Well
01:32 Moon Well
02:02 Ancient of War
03:34 Moon Well
04:05 Hunter's Hall
04:26 Ancient of Wonders
06:50 Moon Well
07:00 Tree of Ages
07:57 Moon Well
08:26 Moon Well
10:06 Tree of Eternity
13:47 Ancient of Wind
14:55 Chimaera Roost
14:59 Chimaera Roost
15:43 Chimaera Roost
16:00 Moon Well
17:11 Moon Well
» items
Chat log
(15:14 / All) 987987987987987: hi guys where are you from?
(19:24 / All) 987987987987987: bye guys